 Dungeon Crawl Stone Soup version 0.30.1-3-gfc49f6343a (webtiles) character file.

Game seed: 14745831923580497036

93727 Anandil the Tortoise (level 15, -25/122 HPs)
             Began as a Demonspawn Fighter on Aug 6, 2023.
             Was a High Priest of Ru.
             Killed from afar by Nikola (64 damage)
             ... with an arc of chain lightning
             ... on level 2 of the Shoals.
             The game lasted 01:04:39 (37467 turns).

Anandil the Tortoise (Demonspawn Fighter)          Turns: 37467, Time: 01:04:40

Health: -25/122    AC: 20    Str: 29    XL:     15   Next: 61%
Magic:  0/15       EV:  9    Int: 16    God:    Ru [*****.]
Gold:   1922       SH: 17    Dex: 19    Spells: 14/14 levels left

rFire   + + +        s - +4 trident
rCold   + . .        h - +0 kite shield
rNeg    . . .        y - +3 scale mail {rPois}
rPois   +            (helmet restricted)
rElec   .            j - scarf of Grace {rC+ rF+, Dex+6 Slay+3}
rCorr   .            o - +0 pair of gloves
SInv    .            F - +0 pair of boots
Will    +....        V - amulet "Mumaq" {Reflect rF++ SH+5} Stlth
                     A - +4 ring of protection
HPRegen 0.40/turn    e - +6 ring of strength
MPRegen 0.28/turn

%: reflection, guardian spirit, wizardry (x1)
@: studying Throwing, very slow
A: antennae 2, spiny 3, magic shield, magic regeneration, no stealth, inability
to use devices, inability to train dodging, no hexes magic, no poison magic, no
translocations magic, big brain 3
a: Renounce Religion, Sacrifice Love, Sacrifice Courage, Sacrifice Purity,
Reject Sacrifices, Draw Out Power, Power Leap, Apocalypse


You were on level 2 of the Shoals.
You worshipped Ru.
Ru was extremely pleased with you.
You visited 4 branches of the dungeon, and saw 23 of its levels.
You also visited: Sewer.

You collected 1922 gold pieces.

Inventory:

Hand Weapons
 s - a +4 trident (weapon)
Missiles
 l - 4 datura-tipped darts
 r - 11 poisoned darts (quivered)
 v - 6 javelins
 I - a throwing net
 R - 5 boomerangs
Armour
 h - a +0 kite shield (worn)
 j - the scarf of Grace (worn) {rC+ rF+, Dex+6 Slay+3}
   (You acquired it on level 4 of the Dungeon)

   Dex:       It affects your dexterity (+6).
   Slay:      It affects your accuracy & damage with ranged weapons and melee
   (+3).
 o - a +0 pair of gloves (worn)
 y - a +3 scale mail of poison resistance (worn)
 F - a +0 pair of boots (worn)
 N - a +1 chain mail of willpower
Jewellery
 a - a +5 ring of evasion
 e - a +6 ring of strength (right hand)
 g - the ring "Cur Kiv" {rCorr Str+3}
   (You took it off a deep elf zephyrmancer on level 12 of the Dungeon)

   [ring of resist corrosion]

   Str:       It affects your strength (+3).
   rCorr:     It protects you from acid and corrosion.
 p - a ring of willpower
 A - a +4 ring of protection (left hand)
 V - the amulet "Mumaq" (around neck) {Reflect rF++ SH+5}
   (You took it off a centaur warrior on level 11 of the Dungeon)

   [amulet of reflection]

   It reflects blocked missile attacks.
   rF:        It greatly protects you from fire.
   SH:        It affects your SH (+5).
Scrolls
 b - a scroll of brand weapon
 c - 3 scrolls of magic mapping
 i - 10 scrolls of teleportation
 q - 8 scrolls of blinking
 z - 3 scrolls of fog
 D - a scroll of vulnerability {unknown}
 H - 4 scrolls of poison {unknown}
 J - 4 scrolls of immolation {unknown}
 K - 3 scrolls of noise {unknown}
 L - 2 scrolls of amnesia {unknown}
 M - 3 scrolls of silence {unknown}
 O - a scroll of butterflies {unknown}
 P - 2 scrolls of identify
 Q - a scroll of fear {unknown}
 S - 4 scrolls of enchant weapon
Potions
 d - 11 potions of might
 f - 2 potions of ambrosia
 k - 4 potions of magic
 m - a potion of cancellation
 n - 5 potions of resistance
 t - a potion of heal wounds
 u - 4 potions of lignification
 w - 8 potions of curing
 x - 2 potions of brilliance
 B - a potion of flight
 C - 5 potions of mutation
 E - a potion of invisibility
 G - 4 potions of attraction
 U - 3 potions of haste


   Skills:
 + Level 12.3 Fighting
 - Level 14.0 Polearms
 + Level 10.3 Throwing
 + Level 15.0 Armour
 - Level 10.0 Shields


You had 14 spell levels left.
You didn't know any spells.
Your spell library contained the following spells:

 Spells                   Type           Power      Damage    Failure   Level
 Freeze                   Ice            0%         1d3       26%         1
 Necrotise                Necr           0%         1d4       26%         1
 Summon Small Mammal      Summ           0%         N/A       26%         1
 Call Canine Familiar     Summ           0%         N/A       58%         3
 Frozen Ramparts          Ice            0%         1d1       58%         3
 Hailstorm                Conj/Ice       0%         3d3       58%         3
 Vampiric Draining        Necr           0%         2d6       58%         3
 Petrify                  Tmut/Erth      0%         N/A       92%         4
 Agony                    Necr           0%         N/A       99%         5
 Arcjolt                  Conj/Air       0%         1d10      99%         5
 Freezing Cloud           Conj/Ice/Air   0%         6-21      99%         5
 Plasma Beam              Fire/Air       0%         2x1d11    100%        6
 Statue Form              Tmut/Erth      0%         N/A       100%        6
 Summon Cactus Giant      Summ           0%         N/A       100%        6
 Dragon Form              Tmut           0%         N/A       100%        7
 Dragon's Call            Summ           0%         N/A       100%        9
 Sting                    Tmut/Pois      Unusable   1d3       N/A         1
 Cigotuvi's Dreadful Rot  Necr/Pois/Air  Unusable   N/A       N/A         2
 Poisonous Vapours        Pois/Air       Unusable   N/A       N/A         2
 Ignite Poison            Fire/Tmut/Pois Unusable   N/A       N/A         3
 Summon Guardian Golem    Hex/Summ       Unusable   N/A       N/A         3
 Tukima's Dance           Hex            Unusable   N/A       N/A         3
 Vhi's Electric Charge    Tloc/Air       Unusable   N/A       N/A         3
 Cause Fear               Hex            Unusable   N/A       N/A         4
 Olgreb's Toxic Radiance  Pois           Unusable   N/A       N/A         4
 Passage of Golubria      Tloc           Unusable   N/A       N/A         4
 Metabolic Englaciation   Hex/Ice        Unusable   N/A       N/A         5
 Summon Forest            Summ/Tloc      Unusable   N/A       N/A         5
 Summon Mana Viper        Hex/Summ       Unusable   N/A       N/A         5
 Yara's Violent Unravell  Hex/Tmut       Unusable   3d3       N/A         5

Dungeon Overview and Level Annotations

Branches:
Dungeon (15/15)            Temple (1/1) D:7            Lair (5/5) D:11
 Shoals (2/4) Lair:2       Spider (0/4) Lair:2        Slime (0/5) Lair:5
    Orc (0/2) D:9          Vaults (0/5) D:13         Depths (0/4) D:15
  Sewer (visited)

Altars:
Ashenzari
Cheibriados
Dithmenos
Fedhas
Gozag
Hepliaklqana
Kikubaaqudgha
Makhleb
Nemelex Xobeh
Okawaru
Qazlal
Ru
Sif Muna
Trog
Uskayaw
Vehumet
Wu Jian
Xom
Yredelemnul

Shops:
Shoals:1 ?

Portals:
Trove: D:12 (show abyssal rune of Zot)

Annotations:
D:3 1 runed translucent door, Crazy Yiuf
D:9 3 runed translucent doors, Fractals's ghost, novice DsMo
D:14 1 runed translucent door, Ejotwaer's ghost, journeyman MiFi
Shoals:2 Nikola


Innate Abilities, Weirdness & Mutations

You have a pair of antennae on your head.
You are completely covered in sharp spines.
When hurt, damage is shared between your health and your magic reserves.
You regenerate magic rapidly.
You cannot be stealthy.
You cannot study or use magical devices.
You cannot train Dodging skill.
You cannot study or cast Hexes magic.
You cannot study or cast Poison magic.
You cannot study or cast Translocations magic.
You have an absolutely massive brain. (Int +6, Wiz)


Message History

The bolt of lightning hits the snapping turtle!!
The bolt of lightning hits the alligator snapping turtle!!!
The bolt of lightning hits the water elemental!!
The water elemental resists.
The bolt of lightning hits the merfolk!!!
A bolt of lightning appears from out of thin air!
The bolt of lightning hits the merfolk siren!!
The bolt of lightning hits the merfolk javelineer!
The bolt of lightning hits the merfolk impaler!
The water nymph begins to cast a spell, but is stunned by your conviction!
The alligator snapping turtle is stunned by your conviction and fails to attack.
You hear a bleat!
You hear an angry hiss.
You hear a shout!
You hear an angry hiss. x3
Unknown command.
Unknown command.
Unknown command.
Unknown command.
Unknown command.
You can't go up here!
You hit the water nymph.
The water nymph is heavily wounded.
The alligator snapping turtle is struck by your spines.
The alligator snapping turtle bites you!!
You focus your inner power and illuminate the alligator snapping turtle in retribution!
A merfolk javelineer comes into view.
It is wielding a +2 spear of venom and quivering silver javelins.
You block the merfolk's attack. You block the snapping turtle's attack.
You miss the water nymph.
The water nymph is heavily wounded.
The merfolk javelineer shouts!
The water nymph points at you and mumbles some strange words.
The water swirls and strikes you!!
Nikola casts a spell.
Lightning arcs from Nikola's hands!
The bolt of lightning hits the merfolk impaler!!
The bolt of lightning hits the merfolk siren!!!
The merfolk siren dies!
You hear a splash.
The bolt of lightning hits you!!!
Ouch! That really hurt!
You die...

#≈ m≈≈≈≈≈≈ #≈≈
#≈≈≈≈≈≈~~
##≈≈####≈≈≈≈~≈.~
~~≈)≈≈~≈≈~~..(.P
....m....m.P..~P
........m.....~P
.....~~.t.....PP
.....~~@E....~~~
...@.~~m~....~~P
≈~~....t~.....~~
≈≈≈~..........~~
~~~~........P.~~
~≈≈~.........~~~
≈≈≈~.!....>..~~~
≈≈~≈..###....~~~
≈≈~~. .....~~


You could see Nikola, an alligator snapping turtle (corona), a merfolk impaler,
2 merfolk javelineers, a snapping turtle, a merfolk, a water elemental and a
water nymph.

Vanquished Creatures
  An ironbound preserver (D:13)
  A stone giant (D:15)
  Fannar (Lair:1)
  4 hydras
  3 ogre magi (D:15)
  2 catoblepae
  A merfolk avatar (Shoals:1)
  9 boulder beetles
  16 two-headed ogres
  5 centaur warriors
  A tengu warrior (D:15)
  5 death yaks (Lair:2)
  3 skysharks
  A goliath frog (Lair:5)
  A sea snake (Shoals:1)
  3 skeletal warriors
  A glowing orange brain (shapeshifter) (D:13)
  An obsidian statue (D:15)
  Pikel (D:5)
  A lindwurm (Lair:5)
  A deep elf pyromancer (D:13)
  A deep elf zephyrmancer (D:12)
  4 harpies (Shoals:1)
  8 ugly things
  3 fauns (Shoals:1)
  6 cyclopes
  5 manticores
  6 merfolk sirens
  5 elephants (Lair:2)
  A guardian serpent (D:12)
  A torpor snail (Lair:4)
  23 cane toads
  A gargoyle (D:10)
  2 unseen horrors
  5 komodo dragons
  3 efreet
  3 kobold demonologists
  4 rime drakes
  3 freezing wraiths
  2 red devils (D:15)
  3 merfolk
  3 polar bears
  5 trolls
  2 tengu conjurers
  A hellwing (D:15)
  4 tyrant leeches
  Prince Ribbit (D:5)
  A wind drake (Lair:2)
  A hornet (D:9)
  26 blink frogs
  4 slime creatures
  2 snapping turtles (Shoals:1)
  3 centaur simulacra
  38 yaks
  2 vampires
  2 ynoxinuls (D:15)
  3 shadows
  A water elemental (Shoals:1)
  A wyvern (Lair:1)
  Grum (D:8)
  10 vampire mosquitoes
  A steam dragon (D:9)
  2 redbacks (Lair:2)
  5 basilisks
  Menkaure (D:6)
  4 acid dragons
  8 water moccasins
  5 orc warriors
  4 ice beasts
  2 sky beasts
  7 ogres
  5 black bears
  5 boggarts (D:15)
  10 centaurs
  11 wolves
  2 lemures
  18 bullfrogs
  3 gnoll sergeants
  2 scorpions (D:7)
  7 wights
  A hornet simulacrum (D:15)
  4 killer bees (D:8)
  2 vampire bats (D:5)
  5 electric eels
  5 howler monkeys
  2 crimson imps (D:15)
  A hound (D:7)
  5 orc priests
  2 iron imps (D:15)
  Jessica (D:3)
  Terence (D:3)
  5 iguanas
  17 orc wizards
  Ijyb (D:3)
  Robin (D:2)
  10 gnolls
  8 adders
  2 shadow imps (D:15)
  6 white imps
  A howler monkey simulacrum (D:10)
  2 ufetubi
  3 worms
  4 dart slugs
  35 orcs
  13 ball pythons
  13 bats
  13 endoplasms
  11 giant cockroaches
  11 hobgoblins
  3 jackals (D:3)
  11 quokkas
  15 frilled lizards
  21 goblins
  11 kobolds
  10 rats
620 creatures vanquished.

Vanquished Creatures (others)
  Agnes (D:13)
  2 two-headed ogres (D:15)
  A centaur warrior (D:14)
  A tengu warrior (Shoals:1)
  Urug (Lair:1)
  A death yak (Lair:2)
  An ugly thing (D:11)
  A manticore (D:13)
  A merfolk siren (Shoals:2)
  A cane toad (Lair:2)
  An efreet (D:15)
  A polar bear (Lair:5)
  2 yaks (D:12)
  A howler monkey (D:11)
  An orc wizard (D:10)
  2 white imps
19 creatures vanquished.

Grand Total: 639 creatures vanquished

Notes
Turn   | Place    | Note
-------+----------+-------------------------------------------
     0 | D:1      | Anandil the Demonspawn Fighter began the quest for the Orb.
     0 | D:1      | Reached XP level 1. HP: 18/18 MP: 1/1
    87 | D:1      | Gained mutation: You are partially covered in sharp spines.
                  | [demonic ancestry]
    87 | D:1      | Reached XP level 2. HP: 22/24 MP: 2/2
   277 | D:1      | Reached skill level 3 in Armour
   283 | D:1      | Gained mutation: You regenerate magic rapidly. [demonic
                  | ancestry]
   283 | D:1      | Reached XP level 3. HP: 14/29 MP: 3/3
   972 | D:2      | Noticed Robin
  1135 | D:1      | Gained mutation: You are mostly covered in sharp spines.
                  | [demonic ancestry]
  1135 | D:1      | Reached XP level 4. HP: 32/35 MP: 4/4
  1148 | D:2      | Killed Robin
  1373 | D:2      | Found a sacrificial altar of Ru.
  1454 | D:2      | Became a worshipper of Ru the Awakened
  1744 | D:3      | Identified the +1 ring mail of Gaureny {Dex+6}
  1783 | D:3      | Noticed Jessica
  1793 | D:3      | Killed Jessica
  1855 | D:3      | Gained mutation: You have a pair of small antennae on your
                  | head. [demonic ancestry]
  1855 | D:3      | Reached XP level 5. HP: 41/42 MP: 5/5
  2045 | D:3      | Noticed Terence
  2057 | D:3      | Killed Terence
  2246 | D:3      | Found a runed translucent door.
  2247 | D:3      | Noticed Crazy Yiuf
  2442 | D:3      | Noticed Ijyb
  2569 | D:3      | Killed Ijyb
  2862 | D:4      | Identified a scroll of acquirement
  2866 | D:4      | Acquired the scarf of Grace {rC+ rF+, Dex+6 Slay+3}
  2906 | D:4      | Reached XP level 6. HP: 42/48 MP: 6/6
  2954 | D:4      | Gained mutation: You cannot be stealthy. [Ru sacrifice]
  2980 | D:4      | Found a glowing drain.
  2989 | Sewer    | Entered a sewer
  2994 | Sewer    | Reached skill level 4 in Armour
  3502 | D:4      | Found a broken altar of Ashenzari.
  3503 | D:4      | Found a bloodstained altar of Trog.
  3588 | D:4      | Gained mutation: You have an unusually large brain. (Int
                  | +2) [demonic ancestry]
  3588 | D:4      | Reached XP level 7. HP: 55/55 MP: 7/7
  3703 | D:4      | Found a sacrificial altar of Ru.
  3812 | D:5      | Entered Level 5 of the Dungeon
  3862 | D:5      | Reached skill level 5 in Fighting
  4068 | D:5      | Noticed Prince Ribbit
  4078 | D:5      | Killed Prince Ribbit
  4079 | D:5      | Reached skill level 5 in Armour
  4079 | D:5      | Reached skill level 5 in Shields
  4079 | D:5      | Gained mutation: You have a pair of antennae on your head.
                  | [demonic ancestry]
  4079 | D:5      | Reached XP level 8. HP: 42/63 MP: 5/8
  4616 | D:6      | Noticed Menkaure
  4849 | D:5      | Reached skill level 5 in Polearms
  5378 | D:6      | Killed Menkaure
  5583 | D:6      | Noticed Pikel
  5624 | D:5      | Killed Pikel
  5625 | D:5      | Reached skill level 6 in Armour
  5625 | D:5      | Reached XP level 9. HP: 27/71 MP: 1/9
  6201 | D:7      | Found a staircase to the Ecumenical Temple.
  6216 | Temple   | Entered the Ecumenical Temple
  6935 | D:8      | Noticed Grum
  6998 | D:8      | Killed Grum
  6999 | D:8      | Reached skill level 7 in Armour
  7415 | D:8      | Found a shadowy altar of Dithmenos.
  8012 | D:9      | Noticed a boulder beetle
  8089 | D:9      | Killed a boulder beetle
  8090 | D:9      | Reached XP level 10. HP: 32/80 MP: 6/10
  8984 | D:9      | Found a runed translucent gate.
  8984 | D:9      | Noticed a boulder beetle
  8995 | D:9      | Found a runed translucent gate.
  8997 | D:9      | Found a runed translucent gate.
  8997 | D:9      | Noticed Fractals's ghost (novice DsMo)
  9065 | D:9      | Noticed a two-headed ogre
  9078 | D:9      | Killed a two-headed ogre
  9095 | D:9      | Found a staircase to the Orcish Mines.
  9299 | D:10     | Entered Level 10 of the Dungeon
  9483 | D:10     | Found a basalt altar of Yredelemnul.
  9484 | D:10     | Noticed a gargoyle
  9502 | D:10     | Killed a gargoyle
  9503 | D:10     | Reached skill level 8 in Armour
 10103 | D:10     | Gained mutation: You have an extremely huge brain. (Int +4)
                  | [demonic ancestry]
 10103 | D:10     | Reached XP level 11. HP: 80/89 MP: 11/11
 10919 | D:11     | Found a staircase to the Lair.
 10954 | D:11     | Noticed a two-headed ogre
 10963 | D:11     | Killed a two-headed ogre
 11035 | D:11     | Noticed a two-headed ogre
 11040 | D:11     | Killed a two-headed ogre
 11189 | D:11     | Reached skill level 9 in Armour
 11190 | D:11     | Found a sacrificial altar of Ru.
 11371 | D:11     | Gained mutation: You cannot study or use magical devices.
                  | [Ru sacrifice]
 11371 | D:11     | Reached * piety under Ru
 11371 | D:11     | Reached ** piety under Ru
 11371 | D:11     | Reached *** piety under Ru
 11492 | D:11     | Noticed a green ugly thing
 11497 | D:11     | Noticed a red ugly thing
 11508 | D:11     | Killed a green ugly thing
 11518 | D:11     | Killed a green ugly thing
 11575 | D:11     | Reached skill level 10 in Fighting
 11843 | Lair:1   | Entered Level 1 of the Lair of Beasts
 11861 | Lair:1   | Noticed Fannar
 12319 | Lair:1   | Killed Fannar
 12971 | Lair:1   | Reached XP level 12. HP: 95/98 MP: 12/12
 13289 | Lair:1   | Noticed Urug
 13962 | Lair:1   | Killed Urug
 14462 | Lair:2   | Found a hole to the Spider Nest.
 14511 | Lair:2   | Noticed a boulder beetle
 14531 | Lair:2   | Killed a boulder beetle
 14818 | Lair:2   | Reached skill level 1 in Throwing
 15021 | Lair:2   | Reached skill level 10 in Armour
 15108 | Lair:2   | Reached skill level 10 in Shields
 15473 | Lair:2   | Reached skill level 10 in Polearms
 15706 | Lair:2   | Noticed a boulder beetle
 15878 | Lair:2   | Killed a boulder beetle
 15918 | Lair:2   | Noticed a catoblepas
 15919 | Lair:2   | Noticed a death yak
 16867 | Lair:1   | Killed a catoblepas
 17190 | Lair:2   | Killed a death yak
 17477 | Lair:2   | Found a staircase to the Shoals.
 17830 | Lair:2   | Identified the +0 ring mail of Fafituj {rC- Dex+7 SInv}
 18057 | Lair:2   | Gained mutation: You cannot train Dodging skill. [Ru
                  | sacrifice]
 18057 | Lair:2   | Reached **** piety under Ru
 18059 | Shoals:1 | Entered Level 1 of the Shoals
 18671 | Lair:3   | Gained mutation: When hurt, damage is shared between your
                  | health and your magic reserves. [demonic ancestry]
 18671 | Lair:3   | Reached XP level 13. HP: 26/106 MP: 5/13
 19142 | Lair:2   | Reached skill level 5 in Throwing
 19142 | Lair:2   | Reached skill level 11 in Armour
 19624 | Lair:3   | Identified the +1 scale mail of Amorality {-Tele Will-
                  | Str+3 Int+7}
 21734 | Lair:5   | Entered Level 5 of the Lair of Beasts
 25376 | Lair:4   | Reached skill level 12 in Armour
 26371 | Lair:5   | Gained mutation: You have an absolutely massive brain. (Int
                  | +6, Wiz) [demonic ancestry]
 26371 | Lair:5   | Reached XP level 14. HP: 85/111 MP: 11/14
 26724 | Lair:5   | Found a staircase to the Slime Pits.
 27360 | Lair:5   | Identified the +1 scale mail "Vudgheqyrph" {Harm rN+ Int-4}
 29132 | D:12     | Identified the amulet "Mumaq" {Reflect rF++ SH+5}
 29426 | D:12     | Reached skill level 13 in Armour
 29552 | D:12     | Found a portal to a secret trove of treasure.
 29831 | D:12     | Identified the ring of Pyostose {MP+9 Str+2}
 29839 | D:12     | Identified the ring "Cur Kiv" {rCorr Str+3}
 29851 | D:12     | Identified the ring "Neshaol" {rF+ rC- MP+9 Dex+6}
 30551 | D:13     | Found a shimmering altar of Xom.
 30551 | D:13     | Found a shimmering altar of Xom.
 30551 | D:13     | Found a shimmering altar of Xom.
 30551 | D:13     | Found a shimmering altar of Xom.
 30996 | D:13     | Found a shimmering altar of Xom.
 30996 | D:13     | Found a shimmering altar of Xom.
 30996 | D:13     | Found a shimmering altar of Xom.
 30997 | D:13     | Found a shimmering altar of Xom.
 31089 | D:13     | Gained mutation: You cannot study or cast Poison magic. [Ru
                  | sacrifice]
 31089 | D:13     | Gained mutation: You cannot study or cast Hexes magic. [Ru
                  | sacrifice]
 31089 | D:13     | Gained mutation: You cannot study or cast Translocations
                  | magic. [Ru sacrifice]
 31089 | D:13     | Reached ***** piety under Ru
 31122 | D:13     | Noticed an ironbound preserver
 31155 | D:13     | Killed an ironbound preserver
 31646 | D:13     | Found a gate to the Vaults.
 32531 | D:14     | Noticed Agnes
 32561 | D:13     | Killed Agnes
 33078 | D:14     | Reached skill level 14 in Armour
 33192 | D:14     | Found a runed translucent door.
 33193 | D:14     | Noticed Ejotwaer's ghost (journeyman MiFi)
 34083 | D:15     | Entered Level 15 of the Dungeon
 34432 | D:15     | Found a staircase to the Depths.
 34432 | D:15     | Noticed a stone giant
 34469 | D:15     | Killed a stone giant
 34470 | D:15     | Gained mutation: You are completely covered in sharp
                  | spines. [demonic ancestry]
 34470 | D:15     | Reached XP level 15. HP: 100/118 MP: 15/15
 36634 | Shoals:1 | Found Qashrauf's Magic Scroll Emporium.
 36640 | Shoals:1 | Reached skill level 10 in Throwing
 36640 | Shoals:1 | Reached skill level 15 in Armour
 37462 | Shoals:2 | Noticed Nikola
 37467 | Shoals:2 | Killed from afar by Nikola

Illustrated notes

Levels and vault maps discovered:
D:1:      dpeg_arrival_ratfight, layout_loops_ring
D:2:      layout_basic, basic_altar, minmay_split_cup_large, uniq_robin
D:3:      kennysheep_goblin_castle, layout_loops_ring, uniq_crazy_yiuf_cottage,
          uniq_terence, uniq_jessica
D:4:      layout_rooms, gammafunk_temple_overflow_wave,
          chequers_temple_overflow_statue_of_worship, portal_sewer_entry_d
D:5:      layout_basic, roderic_batcave, uniq_prince_ribbit1
D:6:      layout_rooms, nrook_mini_vaults, uniq_menkaure, uniq_pikel
D:7:      layout_loops_ring, minmay_temple_entry_antechambers
D:8:      layout_basic, nicolae_dithmenos_through_a_glass_darkly, uniq_grum
D:9:      layout_rooms, orc_0_dummy, gammafunk_ghost_split
D:10:     layout_basic, serial_ice, serial_ice_i, serial_ice_o, serial_ice_g,
          serial_ice_m, serial_ice_e, serial_ice_f, serial_ice_h, serial_ice_b,
          kennysheep_diamond
D:11:     layout_irregular_city, due_lair_maze_entry_diamond,
          nicolae_ru_great_annihilating_truth
D:12:     minmay_the_grid_triangle_9x9_rhombus_thin_mashed
          [minmay_the_grid_triangle_9x9_warning,
          minmay_the_grid_triangle_9x9_prize_special,
          minmay_the_grid_triangle_9x9_negative_grid,
          minmay_the_grid_triangle_9x9_sprig], layout_gridville,
          nicolae_trove_entry_crystal, nrook_guardian_serpent_ordinary
D:13:     layout_roguey, skrybe_vaults_entry_preservation, xom_shifter_show
D:14:     layout_roguey, gammafunk_ghost_grave, serial_park_tiny_2, uniq_agnes
D:15:     grunt_enter_depths_giant_problem, layout_rooms,
          hangedman_decor_riveting, minmay_misc_feat_chi,
          hangedman_devilish_allure
Temple:   compressed_dpeg_triangle_lava_temple
Lair:1:   layout_long_grid, disabler_island, uniq_fannar, uniq_urug
Lair:2:   layout_chaotic_city, elwin_shoals_entry_rooms, spider_nest_entry_webs,
          nzn_random_ring
Lair:3:   layout_regular_city, st_stairs_3, minivault_27, lemuel_fruit_tree
Lair:4:   layout_roguey, grunt_forest_large_clearing_hut
Lair:5:   minmay_lair_end_frog_pond, layout_big_grid, slime_entry_1,
          nicolae_quartered_pool_little
Shoals:1: layout_shoals, serial_shops, shop, kb_tengu_band
Shoals:2: layout_shoals, nicolae_shoals_lost_giant_baths, st_sunken_huts,
          uniq_nikola

Skill      XL: |  1  2  3  4  5  6  7  8  9 10 11 12 13 14 15 |
---------------+----------------------------------------------+-----
Polearms       | 2 3 4 5 6 8 9 10 12 14 | 14.0
Shields        | 3 4 5 6 7 8 9 10 | 10.0
Armour         | 3 4 5 6 7 8 9 10 12 14 15 | 15.0
Fighting       | 4 5 6 7 9 10 11 12 | 12.3
Throwing       | 4 7 10 | 10.3

Action                     |  1- 3 |  4- 6 |  7- 9 | 10-12 | 13-15 || total
---------------------------+-------+-------+-------+-------+-------++-------
  Melee: Trident           |   102 |   213 |   291 |   831 |  1712 ||  3149
  Throw: Throwing net      |       |       |     1 |       |       ||     1
         Dart              |       |       |       |    15 |    39 ||    54
         Javelin           |       |       |       |       |     6 ||     6
         Boomerang         |       |       |       |       |     3 ||     3
 Invoke: Sacrifice Stealth |       |     1 |       |       |       ||     1
         Reject Sacrifices |       |       |     1 |       |     1 ||     2
         Draw Out Power    |       |       |       |     2 |     7 ||     9
         Sacrifice Artific |       |       |       |     1 |       ||     1
         Sacrifice Nimblen |       |       |       |     1 |       ||     1
         Sacrifice Arcana  |       |       |       |       |     1 ||     1
  Evoke: Wand              |       |       |       |    10 |       ||    10
    Use: Scroll            |     1 |     6 |     4 |     4 |     9 ||    24
         Potion            |       |       |     3 |     6 |     1 ||    10
   Stab: Held in net/web   |       |       |     1 |       |     2 ||     3
         Paralysed         |       |       |       |     7 |     1 ||     8
         Invisible         |       |       |       |     2 |    23 ||    25
         Distracted        |       |       |       |     1 |     8 ||     9
         Petrified         |       |       |       |     3 |       ||     3
 Armour: Scale mail        |    31 |    67 |    73 |   357 |   397 ||   925
  Dodge: Dodged            |    29 |    60 |    83 |   202 |   315 ||   689
  Block: Buckler           |     4 |       |       |       |       ||     4
         Kite shield       |    30 |   110 |   162 |   422 |   836 ||  1560
         Reflection        |       |       |       |       |    48 ||    48
